 Dungeon Crawl Stone Soup version 0.20.1-1-g8b1a95d (console) character file.

170 hilaritas the Grave Robber (level 5, -1/35 HPs)
             Began as a Demonspawn Necromancer on Dec 20, 2017.
             Slain by a rat (2 damage)
             ... in a sewer.
             The game lasted 00:09:56 (4107 turns).

hilaritas the Grave Robber (Demonspawn Necromancer) Turns: 4107, Time: 00:09:56

Health: -1/35      AC:  2    Str:  6 (8)  XL:     5   Next: 26%
Magic:  0/12       EV: 12    Int: 22 (23) God:
Gold:   126        SH:  0    Dex: 11 (13) Spells: 5/13 levels left

rFire    . . .     SeeInvis .   i - +0 dagger
rCold    . . .     Gourm    .   (no shield)
rNeg     . . .     Faith    .   a - +0 robe
rPois    .         Spirit   .   (no helmet)
rElec    .         Reflect  .   (no cloak)
rCorr    .         Harm     .   (no gloves)
MR       .....                  (no boots)
Stlth    ++........             e - amulet of magic regeneration
Regen    0.2/turn               (no ring)
MPRegen  0.2/turn               (no ring)

@: brilliant, very slightly contaminated
A: claws 2
a: no special abilities


You were in a sewer.
You were hungry.

You visited 1 branch of the dungeon, and saw 3 of its levels.
You also visited: Sewer.

You collected 126 gold pieces.

Inventory:

Hand Weapons
 i - a +0 dagger (weapon)
Missiles
 q - 28 arrows
Armour
 a - a +0 robe (worn)
 j - a +0 large shield
Jewellery
 e - an amulet of magic regeneration (around neck)
 r - a +4 amulet of reflection
Scrolls
 d - a scroll of remove curse {unknown}
 f - 5 scrolls of identify {unknown}
 g - 2 scrolls of immolation {unknown}
 h - a scroll of amnesia {unknown}
 l - a scroll of noise {unknown}
 o - a scroll of blinking {unknown}
Books
 b - a book of Necromancy

   Spells                             Type                      Level
   a - Pain                           Necromancy                   1
   b - Animate Skeleton               Necromancy                   1
   c - Vampiric Draining              Necromancy                   3
   d - Regeneration                   Charms/Necromancy            3
   e - Animate Dead                   Necromancy                   4
   f - Control Undead                 Necromancy                   4
Comestibles
 c - 4 bread rations


   Skills:
 - Level 1.7 Dodging
 - Level 1.7 Stealth
 * Level 4.7 Spellcasting
 - Level 5.0 Necromancy


You had 5 spell levels left.
You knew the following spells:

 Your Spells              Type           Power        Failure   Level  Hunger
a - Pain                  Necr           ####         1%          1    None
b - Regeneration          Chrm/Necr      ####......   1%          3    ##.....
c - Vampiric Draining     Necr           #####.....   1%          3    ##.....
d - Animate Skeleton      Necr           N/A          1%          1    None


Dungeon Overview and Level Annotations

Branches:
Dungeon (3/15)

Altars:


Innate Abilities, Weirdness & Mutations

You have very sharp fingernails.


Message History

The rat barely misses you. The river rat bites you.
You closely miss the river rat.
The river rat is severely wounded.
The frilled lizard bites you but does no damage.
The rat barely misses you. The river rat bites you.
* * * LOW HITPOINT WARNING * * *
It was a potion of brilliance.
You feel clever all of a sudden. The frilled lizard barely misses you.
The rat barely misses you. The river rat bites you.
* * * LOW HITPOINT WARNING * * *
Casting: Pain
Confirm with . or Enter, or press ? or * to list all spells.
Okay, then.
It was a potion of degeneration.
There was something very wrong with that liquid.
You feel weakened.
You feel dopey.
You feel clumsy.
The frilled lizard bites you but does no damage.
The rat bites you.
You die...

## #. ##.
##r#######
#∩@r≈≈.≈≈.
#∩.l.≈..≈.
##########


You could see a river rat, a frilled lizard and a rat.

Vanquished Creatures
  2 orc priests (D:3)
  A river rat (D:3)
  4 adders (D:2)
  An ooze (D:1)
  A worm (D:2)
  A dart slug (D:2)
  A leopard gecko (D:2)
  3 orcs (D:3)
  14 bats
  2 giant cockroaches
  9 goblins
  4 hobgoblins
  3 frilled lizards
  3 kobolds
  7 rats
56 creatures vanquished.

Notes
Turn   | Place    | Note
-------+----------+-------------------------------------------
     0 | D:1      | hilaritas the Demonspawn Necromancer began the quest for the Orb.
     0 | D:1      | Reached XP level 1. HP: 13/13 MP: 3/3
   610 | D:1      | Gained mutation: You have sharp fingernails. [demonic ancestry]
   610 | D:1      | Reached XP level 2. HP: 4/19 MP: 0/5
   936 | D:1      | Reached skill level 5 in Necromancy
  2055 | D:2      | Reached XP level 3. HP: 23/24 MP: 5/7
  2068 | D:2      | Learned a level 3 spell: Regeneration
  2072 | D:2      | Learned a level 3 spell: Vampiric Draining
  2664 | D:2      | Learned a level 1 spell: Animate Skeleton
  2950 | D:2      | Reached XP level 4. HP: 21/30 MP: 1/9
  3822 | D:3      | Gained mutation: You have very sharp fingernails. [demonic ancestry]
  3822 | D:3      | Reached XP level 5. HP: 24/35 MP: 1/11
  4076 | D:3      | Found a glowing drain.
  4094 | Sewer    | Entered a sewer
  4106 | Sewer    | HP: 1/35 [river rat (4)]
  4107 | Sewer    | Slain by a rat

Skill      XL: |  1  2  3  4 |
---------------+-------------+-----
Necromancy     | 5 |  5.0
Spellcasting   | 3 4 |  4.7
Dodging        | |  1.7
Stealth        | |  1.7

Action                   |  1- 3 |  4- 6 || total
-------------------------+-------+-------++-------
Melee: Dagger            |    25 |     7 ||    32
 Cast: Pain              |    67 |    42 ||   109
       Vampiric Draining |     4 |     1 ||     5
       Regeneration      |     2 |       ||     2
  Use: Potion            |       |     3 ||     3
  Eat: Chunk             |     7 |     1 ||     8
       Royal jelly       |       |     1 ||     1
Armor: Robe              |    16 |    12 ||    28
Dodge: Dodged            |    43 |    24 ||    67
